 Dungeon Crawl Stone Soup version 0.29.1-1-gd02db6906a (webtiles) character file.

Game seed: 8417596594652886973

257 hawla the Firebug (level 5, -4/28 HPs)
             Began as a Deep Elf Fire Elementalist on Sept 28, 2022.
             Engulfed by a cloud of flame (25 damage)
             ... on level 4 of the Dungeon.
             The game lasted 00:09:49 (4247 turns).

hawla the Firebug (Deep Elf Fire Elementalist)      Turns: 4247, Time: 00:09:50

Health: -4/28      AC:  6    Str:  9    XL:     5   Next: 93%
Magic:  8/13       EV: 12    Int: 22    God:
Gold:   130        SH:  4    Dex: 18    Spells: 5/12 levels left

rFire   . . .      SeeInvis .   f - +1 dagger (venom)
rCold   + . .      Faith    .   s - +0 buckler
rNeg    . . .      Spirit   .   k - +2 robe "Uwytuthunu" {rC+ Will+ Str+4 Dex+3}
rPois   .          Reflect  .   n - +0 helmet
rElec   .          Harm     .   (no cloak)
rCorr   .          Rampage  .   (no gloves)
Will    +....                   q - +0 pair of boots
Stlth   ++........              (no amulet)
HPRegen 0.09/turn               (no ring)
MPRegen 0.13/turn               (no ring)

@: no status effects
A: no striking features
a: no special abilities


You were on level 4 of the Dungeon.
You visited 1 branch of the dungeon, and saw 4 of its levels.
You also visited: Sewer.

You collected 130 gold pieces.

Inventory:

Hand Weapons
 f - a +1 dagger of venom (weapon)
Missiles
 d - 7 poisoned darts
Armour
 k - the +2 robe "Uwytuthunu" (worn) {rC+ Will+ Str+4 Dex+3}
   (You found it on level 3 of the Dungeon)

   Str:       It affects your strength (+4).
   Dex:       It affects your dexterity (+3).
   rC:        It protects you from cold.
   Will:      It increases your willpower.
 n - a +0 helmet (worn)
 q - a +0 pair of boots (worn)
 s - a +0 buckler (worn)
Scrolls
 a - a scroll of identify
 c - a scroll of blinking {unknown}
 h - a scroll of butterflies
 m - 2 scrolls of silence {unknown}
 r - a scroll of fear
Potions
 b - 2 potions of magic
 e - a potion of brilliance
 g - a potion of flight {unknown}
 i - a potion of lignification {unknown}
 j - a potion of heal wounds {unknown}
 l - 3 potions of attraction {unknown}
 o - 2 potions of degeneration {unknown}
 p - a potion of mutation {unknown}


   Skills:
 - Level 0.3 Fighting
 - Level 0.6 Short Blades
 - Level 2.5 Dodging
 - Level 3.0 Stealth
 - Level 4.3 Spellcasting
 * Level 2.9 Conjurations
 * Level 5.7 Fire Magic


You had 5 spell levels left.
You knew the following spells:

 Your Spells              Type           Power      Damage    Failure   Level
a - Foxfire               Conj/Fire      92%        2x1d8     2%          1
b - Scorch                Fire           58%        2d7       2%          2
c - Flame Wave            Conj/Fire      23%        2d8       24%         4

Your spell library contained the following spells:

 Spells                   Type           Power      Damage    Failure   Level
 Conjure Flame            Conj/Fire      23%        6-21      8%          3
 Inner Flame              Hex/Fire       17%        N/A       14%         3
 Ignite Poison            Fire/Tmut/Pois 13%        N/A       21%         3
 Mephitic Cloud           Conj/Pois/Air  9%         N/A       30%         3
 Freezing Cloud           Conj/Ice/Air   4%         6-21      95%         5


Dungeon Overview and Level Annotations

Branches:
Dungeon (4/15)              Sewer (visited)
 Temple: D:4-7

Altars:
Ashenzari
Cheibriados
Hepliaklqana
Trog


Message History

You block the kobold's attack.
Your unstable footing causes you to fumble your attack.
The quokka barely misses you.
The kobold hits you with a +0 whip of electrocution.
Casting: Flame Wave (extremely dangerous; 24% risk of failure)
Confirm with . or Enter, or press ? or * to list all spells.
The spell is extremely dangerous to miscast (24% risk of failure)!
Continue anyway?
Casting: Flame Wave (extremely dangerous; 24% risk of failure)
Press: ? - help, Dir - look around, f - activate A wave of flame ripples out!
The flame wave engulfs the kobold!
You kill the kobold!
The flame wave engulfs the quokka!
You kill the quokka! (Press . to intensify the flame waves.)
A wave of flame ripples out!
The flame wave engulfs the plant!
The plant begins to die.
The plant is lightly damaged.
The flame wave engulfs the plant!
The plant begins to die.
The plant is lightly damaged.
The tree burns like a torch!
The plant is engulfed in a cloud of scalding steam. x2
The plant is engulfed in a cloud of scalding steam.
The plant begins to die.
The plant is engulfed in a cloud of scalding steam. x2
You are engulfed in a cloud of scalding steam.
The plant is engulfed in a cloud of scalding steam.
The plant begins to die.
The plant is engulfed in a cloud of scalding steam.
You hear a splash. x2
You feel a bit more experienced.
Really walk into that cloud of flame? [Y]es or [N]o only, please.
Really walk into that cloud of flame? [Y]es or [N]o only, please.
Really walk into that cloud of flame? [Y]es or [N]o only, please.
Really walk into that cloud of flame?
You are engulfed in blazing flames.
Ouch! That really hurt!
You die...

####.###.#......#.#..
.......... ###.....##....
...........#####.....##....
............#.##.#...###.##
#~~♣~~.##.....#.#..## ###
P♣~~~~§P.#.....#....#..#
P~~~§KBP♣§§............#
~~P~~~§§§§§#..)##.....##
.../..))§§@..####....##
~P~P§§§~§§§..# ....##
♣♣♣~P§~§§§..## #..###
♣~~P§P§.§.# #...
...♣♣P~~...## ##.# ..
###.#### .# . ...# ....#
.....


There were no monsters in sight!

Vanquished Creatures
  A vampire bat (D:3)
  A hell rat (Sewer)
  2 adders
  2 worms
  2 dart slugs
  3 fire bats (D:3)
  2 orcs (D:4)
  2 spectral bats (D:3)
  7 ball pythons
  3 bat skeletons (D:3)
  A bat zombie (D:3)
  11 endoplasms
  4 giant cockroaches
  5 goblins
  3 hobgoblins
  6 jackals
  2 quokkas
  11 bats
  A bat simulacrum (D:3)
  6 frilled lizards
  9 kobolds
  11 rats
95 creatures vanquished.

Vanquished Creatures (collateral kills)
  2 foxfires (D:2)
2 creatures vanquished.

Vanquished Creatures (others)
  A ball python (D:1)
  80 foxfires
  21 plants
102 creatures vanquished.

Grand Total: 199 creatures vanquished

Notes
Turn   | Place    | Note
-------+----------+-------------------------------------------
     0 | D:1      | hawla the Deep Elf Fire Elementalist began the quest for
                  | the Orb.
     0 | D:1      | Reached XP level 1. HP: 10/10 MP: 6/6
   338 | D:1      | Reached XP level 2. HP: 15/15 MP: 6/8
   341 | D:1      | Learned a level 2 spell: Scorch
   593 | D:1      | Reached skill level 4 in Fire Magic
   999 | D:1      | Found a faded altar of an unknown god.
  1277 | D:2      | Reached XP level 3. HP: 16/19 MP: 10/10
  2478 | D:3      | Reached XP level 4. HP: 24/24 MP: 12/12
  2523 | D:3      | Found a glowing drain.
  2713 | Sewer    | Entered a sewer
  3017 | D:3      | Learned a level 4 spell: Flame Wave
  3091 | D:3      | Identified the +2 robe "Uwytuthunu" {rC+ Will+ Str+4 Dex+3}
  3144 | D:3      | Reached skill level 5 in Fire Magic
  3144 | D:3      | Reached XP level 5. HP: 28/28 MP: 13/13
  4152 | D:4      | Identified the +10 quarterstaff of Purpose {pain, rElec rC-
                  | Int+2 Stlth+}
  4163 | D:4      | Found a snail-covered altar of Cheibriados.
  4163 | D:4      | Found a bloodstained altar of Trog.
  4170 | D:4      | Found a hazy altar of Hepliaklqana.
  4172 | D:4      | Found a broken altar of Ashenzari.
  4174 | D:4      | Found a faded altar of an unknown god.
  4247 | D:4      | Engulfed by a cloud of flame

Illustrated notes

Levels and vault maps discovered:
D:1:      psy_arrival_basics, layout_loops_ring,
          chequers_ecumenical_altar_grove, serial_park_tiny_1,
          kennysheep_crisscross
D:2:      layout_basic, kennysheep_boxes
D:3:      layout_loops_ring, portal_sewer_entry_d, goddamned_bats
D:4:      layout_cave_pools, chequers_temple_overflow_minitemple,
          serial_bayou_lagoon_b

Skill      XL: |  1  2  3  4 |
---------------+-------------+-----
Fire Magic     | 4 5 |  5.7
Spellcasting   | 4 |  4.3
Stealth        | 3 |  3.0
Conjurations   | 2 |  2.9
Fighting       | |  0.3
Short Blades   | |  0.6
Dodging        | |  2.5

Action                   |  1- 3 |  4- 6 || total
-------------------------+-------+-------++-------
Melee: Dagger            |    39 |    67 ||   106
 Cast: Foxfire           |    39 |    11 ||    50
       Scorch            |     6 |     2 ||     8
       Flame Wave        |       |     3 ||     3
  Use: Scroll            |     6 |     3 ||     9
 Stab: Sleeping          |     5 |    11 ||    16
       Distracted        |       |     1 ||     1
Armor: Robe              |     5 |    27 ||    32
Dodge: Dodged            |    23 |    70 ||    93
Block: Buckler           |       |     2 ||     2
